 Dungeon Sprint DCSS version 0.27.1-1-g398f81649c (webtiles) character file.

Game seed: 8914156719454609839

2797 boopmooplesden the Cleaver (level 9, -10/92 HPs)
             Began as a Minotaur Fighter on Sept 19, 2021.
             Was a Believer of Okawaru.
             Succumbed to something's dark miasma
             ... in the Dungeon (Sprint II: "The Violet Keep of Menkaure").
             The game lasted 00:04:23 (991 turns).

boopmooplesden the Cleaver (Minotaur Fighter)        Turns: 991, Time: 00:04:23

Health: -10/92     AC:  8    Str: 27    XL:     9   Next: 43%
Magic:  8/8        EV: 11    Int:  5    God:    Okawaru [**....]
Gold:   638        SH: 13    Dex:  9    Spells: 8/8 levels left

rFire    + . .     SeeInvis .   a - +0 war axe
rCold    . . .     Faith    .   c - +0 kite shield
rNeg     . . .     Spirit   .   d - +1 ring mail "Pulales" {Fly Str+2 Stlth+}
rPois    .         Reflect  .   (helmet restricted)
rElec    .         Harm     .   (no cloak)
rCorr    .         Rampage  .   (no gloves)
Will     .....     Rnd*Rage +   (no boots) Stlth +.........NoTele +
                                (no amulet)
HPRegen  0.25/turn              k - ring of protection from fire
MPRegen  0.11/turn              (no ring)

@: lethally poisoned (-10 -> -87), flying, slowed, very slow
A: horns 2, retaliatory headbutt, berserk 1, mutation resistance 1, screaming 1,
no potion heal 1
a: Renounce Religion, Heroism


You were in the Dungeon.
You worshipped Okawaru.
Okawaru was pleased with you.
You visited 1 branch You collected 1206 gold pieces.
You spent 568 gold pieces at shops.

Inventory:

Hand Weapons
 a - a +0 war axe (weapon)
Armour
 b - a +0 scale mail
 c - a +0 kite shield (worn)
 d - the +1 ring mail "Pulales" (worn) {Fly Str+2 Stlth+}
   (You bought it in a shop in the Dungeon)

   Str:       It affects your strength (+2).
   Fly:       It grants you flight.
   Stlth:     It makes you more stealthy.
 n - a +4 scale mail
Jewellery
 k - a ring of protection from fire (left hand)
Scrolls
 j - a scroll of blinking
 m - a scroll of identify
 o - 2 scrolls of fog
Potions
 e - 2 potions of curing
 f - 4 potions of heal wounds
 g - a potion of haste
 h - 5 potions of magic
 l - a potion of ambrosia {unknown}
 r - 3 potions of resistance
 s - 3 potions of flight
 t - a potion of lignification {unknown}


   Skills:
 + Level 12.9 Fighting
 + Level 13.2 Axes
 + Level 13.0 Armour
 + Level 3.3 Dodging
 + Level 13.0 Shields


You had 8 spell levels left.
You didn't know any spells.
Your spell library contained the following spells:

 Spells                   Type           Power      Damage    Failure   Level
 Olgreb's Toxic Radiance  Pois           0%         N/A       100%        4
 Ozocubu's Refrigeration  Ice            0%         4d5       100%        7
 Ignition                 Fire           0%         3d3       100%        8


Dungeon Overview and Level Annotations

Branches:
Dungeon (1/1)

Altars:
Cheibriados
Dithmenos
Elyvilon
Fedhas
Gozag
Hepliaklqana
Kikubaaqudgha
Makhleb
Nemelex Xobeh
Okawaru
Qazlal
Ru
Sif Muna
Trog
Uskayaw
Vehumet
Wu Jian
Xom
Yredelemnul
Zin
The Shining One
Beogh
Jiyva
Lugonu

Shops:
D (?:!=?([([:=!(:

Annotations:
D exclusion: oklob plant


Innate Abilities, Weirdness & Mutations

You have a pair of horns on your head.
You reflexively headbutt those who attack you in melee.
You tend to lose your temper in combat.
You are somewhat resistant to further mutation.
You occasionally shout uncontrollably at your foes.
Potions are less effective at restoring your health.


Message History

You slash the shining eye!
The shining eye is moderately wounded.
You slice the shining eye!!
The shining eye is heavily wounded.
You closely miss the death drake. The death drake completely misses you.
You furiously retaliate!
You headbutt the death drake! The swamp drake breathes poison at you.
The noxious blast engulfs the death drake but does no damage.
You slice the shining eye!!
You headbutt the shining eye, but do no damage.
The shining eye is almost dead.
You closely miss the death drake.
You are engulfed in noxious fumes.
You choke on the stench!
You are confused.
The death drake bites you!
You slash the death drake!
The death drake is lightly wounded.
You barely miss the death drake. You barely miss the shining eye.
You are engulfed in noxious fumes.
You choke on the stench!
You are more confused.
The death drake bites you.
The death drake bites you but does no damage.
The death drake breathes miasma at you. The foul vapour engulfs you!
You are poisoned.
The shining eye gazes at you.
Strange energies course through your body.
You feel genetically stable.
You are engulfed in dark miasma.
You are more poisoned.
You feel extremely sick. The death drake breathes miasma at you.
The foul vapour engulfs you!
You are lethally poisoned!
You feel yourself slow down.
You are engulfed in dark miasma.
You are more poisoned.
* * * LOW HITPOINT WARNING * * *
You feel less confused.
You die...

≈≈ .. .#|:▓..)..())▓▓ +##≈≈ #.
.#[=▓.((..)))▓▓ #.##.####
+.##.#:|▓)([)....▓▓ #..# ...#
..k####▓.)).).[[▓▓
..####..#####^8##.#▓)..)[.([▓▓
÷###.##..#..G.k#..#▓[([.....▓▓
.###..#..# #Gk#..#▓...(....▓▓
<.'.##'..####°k##.#▓[.((..(.▓▓
.###..#....###°°@##▓▓▓▓▓▓▓'▓▓▓▓+▓
'###.##.§....°°°°≈≈≈≈≈≈≈≈§...X≈≈▓
..####≈≈...§°≈#'########§###.≈w≈▓
#).#≈≈≈≈≈≈≈.§≈#.(_._._.#§§§##≈≈≈▓
..##≈≈≈≈≈§§≈§≈#._._._..#§§≈§####▓
+##≈≈≈≈§≈≈§≈≈≈#_._._._.#≈≈§§§##
≈≈≈≈≈≈≈≈§≈≈≈#._._._._#§§§≈≈§#
++#≈§§≈≈§§§≈#.._._._.#§≈§§†§+
##§≈≈###≈≈#..._._._#§§§§§§#


You could see a death drake (catching breath) and 2 shining eyes.

Vanquished Creatures
  A merfolk siren (D)
  A yaktaur (D)
  3 polar bears (D)
  A hornet (D)
  4 neqoxecs (D)
  3 water moccasins (D)
  4 necrophages (D)
  4 scorpions (D)
21 creatures vanquished.

Vanquished Creatures (others)
  Menkaure (D)
  A water moccasin (D)
  12 tentacles (D)
14 creatures vanquished.

Grand Total: 35 creatures vanquished

Notes
Turn   | Place    | Note
-------+----------+-------------------------------------------
     0 | D        | boopmooplesden the Minotaur Fighter began the quest for the
                  | Orb.
     0 | D        | Reached XP level 1. HP: 19/19 MP: 0/0
     1 | D        | Noticed a necrophage
     1 | D        | Noticed a necrophage
     1 | D        | Noticed a necrophage
     1 | D        | Noticed a necrophage
     6 | D        | Killed a necrophage
     7 | D        | Reached XP level 2. HP: 26/31 MP: 1/1
     7 | D        | Reached XP level 3. HP: 33/38 MP: 2/2
     7 | D        | Reached XP level 4. HP: 39/45 MP: 3/3
     9 | D        | Killed a necrophage
    10 | D        | Reached XP level 5. HP: 42/53 MP: 4/4
    13 | D        | Killed a necrophage
    15 | D        | Killed a necrophage
    16 | D        | Reached skill level 5 in Axes
    16 | D        | Reached XP level 6. HP: 49/63 MP: 5/5
    25 | D        | Reached skill level 10 in Armour
    26 | D        | Reached skill level 10 in Fighting
    26 | D        | Reached skill level 10 in Shields
    34 | D        | Reached XP level 7. HP: 32/73 MP: 6/6
   207 | D        | Noticed a merfolk siren
   219 | D        | Killed a merfolk siren
   220 | D        | Reached skill level 1 in Dodging
   228 | D        | Noticed a neqoxec
   229 | D        | Noticed a neqoxec
   234 | D        | Killed a neqoxec
   234 | D        | Gained mutation: You occasionally shout uncontrollably at
                  | your foes. [a neqoxec]
   235 | D        | Reached XP level 8. HP: 80/82 MP: 7/7
   242 | D        | Found Ybiunan's Jewellery Emporium.
   242 | D        | Found Enewk's Book Emporium.
   242 | D        | Found Ovodghel's Book Shoppe.
   242 | D        | Found Oquoromih's Distillery.
   243 | D        | Found Atoyxkuo's Antique Weapon Shoppe.
   243 | D        | Found Uruedo Ruag's Weapon Shoppe.
   244 | D        | Found Hiah's Antique Armour Emporium.
   249 | D        | Found Miah's Antique Armour Shoppe.
   250 | D        | Found Yxossaw's Antique Weapon Shoppe.
   250 | D        | Found Hakigh's Magic Scroll Emporium.
   263 | D        | Gained mutation: You tend to lose your temper in combat. [a
                  | neqoxec]
   277 | D        | Found Humaus's Jewellery Emporium.
   277 | D        | Found Neili's Distillery.
   277 | D        | Noticed an oklob plant
   278 | D        | Found Izyqer's Magic Scroll Shoppe.
   278 | D        | Found Wefenn's Book Shoppe.
   278 | D        | Found Somyd's Antique Weapon Emporium.
   285 | D        | Bought an ancient ring mail for 243 gold pieces
   285 | D        | Identified the +1 ring mail "Pulales" {Fly Str+2 Stlth+}
                  | (You bought it in a shop in the Dungeon)
   303 | D        | Bought a ring of protection from fire for 325 gold pieces
   307 | D        | Killed Menkaure
   394 | D        | Found a hazy altar of Hepliaklqana.
   394 | D        | Found a snail-covered altar of Cheibriados.
   395 | D        | Found a stormy altar of Qazlal.
   395 | D        | Found a viscous altar of Jiyva.
   395 | D        | Found a shadowy altar of Dithmenos.
   396 | D        | Found a sacrificial altar of Ru.
   396 | D        | Found an ancient bone altar of Kikubaaqudgha.
   396 | D        | Found a white marble altar of Elyvilon.
   397 | D        | Found an ornate altar of the Wu Jian Council.
   397 | D        | Found a shimmering blue altar of Sif Muna.
   397 | D        | Found a corrupted altar of Lugonu.
   398 | D        | Found a shimmering altar of Xom.
   398 | D        | Found a bloodstained altar of Trog.
   398 | D        | Found a burning altar of Makhleb.
   399 | D        | Found a glowing golden altar of the Shining One.
   399 | D        | Found a basalt altar of Yredelemnul.
   399 | D        | Found a hide-covered altar of Uskayaw.
   401 | D        | Found a glowing silver altar of Zin.
   401 | D        | Found a radiant altar of Vehumet.
   401 | D        | Found a blossoming altar of Fedhas.
   401 | D        | Found a sparkling altar of Nemelex Xobeh.
   401 | D        | Noticed a hornet
   401 | D        | Noticed a polar bear
   401 | D        | Noticed a polar bear
   402 | D        | Found an opulent altar of Gozag.
   402 | D        | Found an iron altar of Okawaru.
   402 | D        | Noticed a yaktaur
   402 | D        | Noticed a polar bear
   411 | D        | Noticed a flying skull
   411 | D        | Noticed a flying skull
   412 | D        | Became a worshipper of Warmaster Okawaru
   429 | D        | Killed a polar bear
   430 | D        | Reached skill level 10 in Axes
   432 | D        | Killed a polar bear
   435 | D        | Killed a polar bear
   435 | D        | Reached * piety under Okawaru
   436 | D        | Reached XP level 9. HP: 91/91 MP: 8/8
   439 | D        | Killed a yaktaur
   486 | D        | Noticed a kraken
   506 | D        | Reached ** piety under Okawaru
   981 | D        | Noticed a death drake
   982 | D        | Noticed a death drake
   983 | D        | Noticed a shining eye
   983 | D        | Noticed a shining eye
   983 | D        | Gained mutation: Potions are less effective at restoring
                  | your health. [a shining eye]
   983 | D        | Noticed a shining eye
   984 | D        | Noticed a crystal guardian
   989 | D        | Gained mutation: You are somewhat resistant to further
                  | mutation. [a shining eye]
   991 | D        | Succumbed to something's dark miasma

Illustrated notes

Levels and vault maps discovered:
D:        the_violet_keep_of_menkaure [sprint2_stairs_cluster_1,
          sprint2_shoproom, sprint2_temple, sprint2_basic_supplies,
          sprint2_obstacle_5, sprint2_obstacle_4, sprint2_obstacle_7,
          sprint2_obstacle_3, sprint2_obstacle_2, sprint2_timed_cluster_1,
          sprint2_smallroom_cluster_1, sprint2_smallroom_final_cluster_1,
          sprint2_transparent_cluster_1, sprint2_second_timed_cluster_1,
          sprint2_sniper_area_1, sprint2_heavy_combat_area_1,
          sprint2_mutation_trap_area_1, sprint2_forest_area_1,
          sprint2_light_combat_area_1, sprint2_behind_water_1,
          sprint2_near_end_vault_1]

Skill      XL: |  1  2  3  4  5  6  7  8  9 |
---------------+----------------------------+-----
Fighting       | 6 7 9 10 11 12 | 12.9
Axes           | 3 4 5 6 8 11 13 | 13.2
Armour         | 6 8 9 10 11 12 13 | 13.0
Shields        | 6 7 9 10 11 12 13 | 13.0
Dodging        | 1 2 3 |  3.3

Action                   |  1- 3 |  4- 6 |  7- 9 || total
-------------------------+-------+-------+-------++-------
Melee: War axe           |     4 |    16 |    80 ||   100
       Headbutt          |     1 |     3 |    13 ||    17
  Use: Potion            |     1 |       |     1 ||     2
       Scroll            |       |       |     6 ||     6
Armor: Scale mail        |     1 |     1 |     3 ||     5
       Ring mail         |       |       |     7 ||     7
Dodge: Dodged            |       |     2 |    18 ||    20
Block: Kite shield       |     3 |    10 |    48 ||    61
